 Dungeon Crawl Stone Soup version 0.30-a0-29-g142975f185 (webtiles) character file.

Game seed: 8723854683142532339

340 kr4n3x the Slicer (level 6, -1/44 HPs)
             Began as a Gnoll Wanderer on Aug 26, 2022.
             Was an Initiate of Gozag.
             Splashed by a jelly's acid (6 damage)
             ... in a sewer.
             The game lasted 00:09:04 (4681 turns).

kr4n3x the Slicer (Gnoll Wanderer)                  Turns: 4681, Time: 00:09:06

Health: -1/44      AC: -2    Str: 13    XL:     6   Next: 56%
Magic:  9/9        EV: 11    Int: 19    God:    Gozag
Gold:   391        SH:  0    Dex: 14    Spells: 6/9 levels left

rFire   . . .      SeeInvis .    h - +6 rapier "Waivaaho" {holy, Int+7 Dex+3}
rCold   + . .      Faith    .    (no shield)
rNeg    . . .      Spirit   .    f - +0 ring mail
rPois   .          Reflect  .    (no helmet)
rElec   .          Harm     .    (no cloak)
rCorr   .          Rampage  .    (no gloves)
Will    .....                    (no boots)
Stlth   +.........               (no amulet)
HPRegen 0.14/turn                q - ring of protection from cold
MPRegen 0.11/turn                (no ring)

@: corroded, gold aura
A: fangs 1, strong nose, distributed training
a: Renounce Religion, Potion Petition, Call Merchant, Bribe Branch


You were in a sewer.
You worshipped Gozag.
Gozag was aware of your devotion.
You visited 1 branch of the dungeon, and saw 4 of its levels.
You also visited: Sewer.

You collected 405 gold pieces.
You paid 14 gold pieces to Gozag.

Inventory:

Hand Weapons
 h - the +6 rapier "Waivaaho" (weapon) {holy, Int+7 Dex+3}
   (You acquired it on level 3 of the Dungeon)

   It has been blessed by the Shining One to cause great damage to the undead
   and demons.
   Int:       It affects your intelligence (+7).
   Dex:       It affects your dexterity (+3).
Missiles
 o - 3 silver javelins (quivered)
Armour
 e - a +0 leather armour
 f - a +0 ring mail (worn)
Jewellery
 q - a ring of protection from cold (left hand)
Wands
 c - a wand of polymorph (6)
Scrolls
 u - a scroll of enchant weapon {unknown}
Potions
 g - a potion of cancellation
 j - a potion of mutation
 k - 3 potions of curing
 l - a potion of heal wounds
 m - a potion of ambrosia
 n - 2 potions of attraction {unknown}
 v - a potion of lignification {unknown}


   Skills:
 + Level 2.1 Fighting
 + Level 8.8 Short Blades
 + Level 2.1 Long Blades
 + Level 2.1 Axes
 + Level 2.1 Maces & Flails
 + Level 2.1 Polearms
 + Level 5.0 Staves
 + Level 2.1 Ranged Weapons
 + Level 5.0 Throwing
 + Level 3.3 Armour
 + Level 2.1 Dodging
 + Level 2.1 Stealth
 + Level 2.1 Shields
 + Level 2.1 Unarmed Combat
 + Level 2.1 Spellcasting
 + Level 1.6 Conjurations
 + Level 1.6 Hexes
 + Level 1.6 Summonings
 + Level 1.6 Necromancy
 + Level 1.6 Translocations
 + Level 1.6 Transmutations
 + Level 1.6 Fire Magic
 + Level 1.6 Ice Magic
 + Level 1.6 Air Magic
 + Level 1.6 Earth Magic
 + Level 1.6 Poison Magic
 + Level 2.3 Invocations
 + Level 3.3 Evocations


You had 6 spell levels left.
You knew the following spells:

 Your Spells              Type           Power      Damage    Failure   Level
a - Mephitic Cloud        Conj/Pois/Air  8%         N/A       45%         3

Your spell library contained the following spells:

 Spells                   Type           Power      Damage    Failure   Level
 Apportation              Tloc           16%        N/A       17%         1
 Necrotise                Necr           32%        1d5       17%         1
 Summon Small Mammal      Summ           32%        N/A       17%         1
 Ignite Poison            Fire/Tmut/Pois 8%         N/A       45%         3
 Freezing Cloud           Conj/Ice/Air   4%         6-21      99%         5


Dungeon Overview and Level Annotations

Branches:
Dungeon (4/15) Zot: 19679   Sewer (1/1) Zot: 5735
 Temple: D:4-7

Altars:
Cheibriados
Elyvilon
Gozag
Wu Jian


Innate Abilities, Weirdness & Mutations

You have very sharp teeth.
Your uncanny sense of smell can sniff out nearby items.
Your experience applies equally to all skills.


Message History

The endoplasm quivers.
The endoplasm freezes you.
You are frozen.
You resist. The endoplasm freezes you.
You are frozen.
You resist.
You puncture the endoplasm!
You kill the endoplasm!
An endoplasm and a jelly come into view.
Found a murky inky potion, a potion of cancellation and a red potion.
The endoplasm quivers.
There are monsters nearby!
You puncture the endoplasm!
You kill the endoplasm!
The jelly is distracted by your dazzling golden aura.
An endoplasm comes into view.
Found 2 green potions.
Found a viscous altar of Jiyva.
The jelly is no longer distracted by gold.
The jelly hits you. The acid corrodes you!
You are splashed with acid!
You see here 3 gold pieces.
You puncture the jelly!
Your hands burn!
The jelly is heavily wounded.
You hit the jelly. The acid corrodes you!
Your hands burn!
Your bite misses the jelly.
The jelly is heavily wounded.
The jelly completely misses you.
Your unstable footing causes you to fumble your attack.
The jelly hits you. The acid corrodes you!
You are splashed with acid!
You are too injured to fight recklessly!
You are too injured to fight recklessly!
You are too injured to fight recklessly!
You are too injured to fight recklessly!
You hit the jelly.
Your hands burn!
You bite the jelly, but do no damage.
The jelly is almost dead.
The jelly hits you.
You are splashed with acid!
* * * LOW HITPOINT WARNING * * *
The jelly attacks as you move away! The jelly hits you.
* * * LOW HITPOINT WARNING * * *
The acid corrodes you!
You are splashed with acid.
You die...
Your body crumbles into a pile of gold.

#!!!# #~... ##.~~.
.~~~~## ~~~.## #..~#
#J~# ####JJ##
##~~~~~@##
#∩..$~~$~#
##########
#~~.###~.~#
#..~...... #~~#
∆##$.#### #..~....~~
#.~#
∆#$~.~.###.~#######
#~.~. ##....~.##..#
~##..~##~..##~~##..#
~~.~~~#...##
.~##.~#######
~.~~~~~.~##∆
###~....~...


You could see a jelly and 2 endoplasms.

Vanquished Creatures
  A black bear (D:4)
  A hound (D:4)
  An orc wizard (D:3)
  A river rat (Sewer)
  4 adders (D:4)
  4 worms
  5 dart slugs
  11 orcs
  7 ball pythons
  13 endoplasms
  8 giant cockroaches
  12 goblins
  9 hobgoblins
  2 jackals (D:1)
  A kobold (D:1)
  5 quokkas
  7 bats
  4 frilled lizards
  11 rats
107 creatures vanquished.

Notes
Turn   | Place    | Note
-------+----------+-------------------------------------------
     0 | D:1      | kr4n3x the Gnoll Wanderer began the quest for the Orb.
     0 | D:1      | kr4n3x set off with the following items: a +2 quarterstaff,
                  | a +0 short sword, a wand of polymorph (6), a potion of
                  | berserk rage, a +0 leather armour.
     0 | D:1      | Reached XP level 1. HP: 13/13 MP: 1/1
   256 | D:1      | Reached XP level 2. HP: 17/19 MP: 2/2
   746 | D:1      | Reached XP level 3. HP: 20/25 MP: 3/3
  1083 | D:2      | Found a faded altar of an unknown god.
  1113 | D:2      | Reached skill level 1 in Invocations
  1310 | D:2      | Learned a level 3 spell: Mephitic Cloud
  1738 | D:2      | Reached skill level 1 in Fighting
  1738 | D:2      | Reached skill level 1 in Long Blades
  1738 | D:2      | Reached skill level 1 in Axes
  1738 | D:2      | Reached skill level 1 in Maces & Flails
  1738 | D:2      | Reached skill level 1 in Polearms
  1738 | D:2      | Reached skill level 1 in Ranged Weapons
  1738 | D:2      | Reached skill level 1 in Dodging
  1738 | D:2      | Reached skill level 1 in Stealth
  1738 | D:2      | Reached skill level 1 in Shields
  1738 | D:2      | Reached skill level 1 in Unarmed Combat
  1738 | D:2      | Reached skill level 1 in Spellcasting
  1804 | D:2      | Found an opulent altar of Gozag.
  1826 | D:2      | Became a worshipper of Gozag Ym Sagoz the Greedy
  2074 | D:2      | Reached XP level 4. HP: 32/32 MP: 5/5
  2516 | D:3      | Found an opulent altar of Gozag.
  2567 | D:3      | Found a white marble altar of Elyvilon.
  2688 | D:3      | Reached skill level 1 in Conjurations
  2688 | D:3      | Reached skill level 1 in Hexes
  2688 | D:3      | Reached skill level 1 in Summonings
  2688 | D:3      | Reached skill level 1 in Necromancy
  2688 | D:3      | Reached skill level 1 in Translocations
  2688 | D:3      | Reached skill level 1 in Transmutations
  2688 | D:3      | Reached skill level 1 in Fire Magic
  2688 | D:3      | Reached skill level 1 in Ice Magic
  2688 | D:3      | Reached skill level 1 in Air Magic
  2688 | D:3      | Reached skill level 1 in Earth Magic
  2688 | D:3      | Reached skill level 1 in Poison Magic
  3493 | D:3      | Reached XP level 5. HP: 28/37 MP: 7/7
  4017 | D:3      | Identified a scroll of acquirement
  4017 | D:3      | Acquired the +6 rapier "Waivaaho" {holy, Int+7 Dex+3}
  4253 | D:4      | Found a snail-covered altar of Cheibriados.
  4272 | D:4      | Noticed a black bear
  4287 | D:4      | Killed a black bear
  4288 | D:4      | Reached skill level 5 in Staves
  4288 | D:4      | Reached skill level 5 in Throwing
  4288 | D:4      | Reached XP level 6. HP: 44/44 MP: 7/9
  4368 | D:4      | Found an ornate altar of the Wu Jian Council.
  4385 | D:4      | Found a glowing drain.
  4418 | Sewer    | Entered a sewer
  4674 | Sewer    | Found a viscous altar of Jiyva.
  4681 | Sewer    | Splashed by a jelly's acid

Illustrated notes

Levels and vault maps discovered:
D:1:      dpeg_arrival_shrine, layout_rooms
D:2:      layout_loops_corners, dreamdust_ecumenical_altar_statues, basic_altar
D:3:      layout_basic, overflow_temple_1_default, lemuel_round_altar
D:4:      layout_cave_pools, kennysheep_slug_shrine,
          nicolae_wu_jian_wuxing_cycle, gup_sewer_entry_glass,
          chequers_serial_rivers_small_a
Sewer:    sewer_hellmonk_slimy_pipes

Skill      XL: |  1  2  3  4  5 |
---------------+----------------+-----
Invocations    | 1 2 |  2.3
Fighting       | 1 2 |  2.1
Long Blades    | 1 2 |  2.1
Axes           | 1 2 |  2.1
Maces & Flails | 1 2 |  2.1
Polearms       | 1 2 |  2.1
Ranged Weapons | 1 2 |  2.1
Dodging        | 1 2 |  2.1
Stealth        | 1 2 |  2.1
Shields        | 1 2 |  2.1
Unarmed Combat | 1 2 |  2.1
Spellcasting   | 1 2 |  2.1
Conjurations   | 1 |  1.6
Hexes          | 1 |  1.6
Summonings     | 1 |  1.6
Necromancy     | 1 |  1.6
Translocations | 1 |  1.6
Transmutations | 1 |  1.6
Fire Magic     | 1 |  1.6
Ice Magic      | 1 |  1.6
Air Magic      | 1 |  1.6
Earth Magic    | 1 |  1.6
Poison Magic   | 1 |  1.6
Armour         | 3 |  3.3
Evocations     | 3 |  3.3
Staves         | 5 |  5.0
Throwing       | 5 |  5.0
Short Blades   | |  8.8

Action                   |  1- 3 |  4- 6 || total
-------------------------+-------+-------++-------
Melee: Short sword       |   182 |   126 ||   308
       Bite              |    12 |    19 ||    31
       Punch             |     1 |     2 ||     3
       Rapier            |       |    89 ||    89
Throw: Javelin           |       |     4 ||     4
  Use: Scroll            |       |    10 ||    10
       Potion            |       |     1 ||     1
 Stab: Distracted        |       |     1 ||     1
Armor: Leather armour    |     8 |       ||     8
       Ring mail         |    45 |    54 ||    99
Dodge: Dodged            |    83 |    90 ||   173

Table legend: (Time is in decaauts)
 A = Elapsed time spent in this place.
 B = Non-inter-level travel time spent in this place.
 C = Inter-level travel time spent in this place.
 D = Time resting spent in this place.
 E = Time spent auto-exploring this place.
 F = Levels seen in this place.
 G = Mean time per level.
                   A        B        C        D        E       F      G
               +--------+--------+--------+--------+--------+-----+--------+
         Total |   4584 |   4447 |    137 |    208 |   3417 |   5 |  916.8 |
       Dungeon |   4320 |   4183 |    137 |    208 |   3243 |   4 | 1080.0 |
         Sewer |    264 |    264 |      0 |      0 |    174 |   1 |  264.0 |
               +--------+--------+--------+--------+--------+-----+--------+

Top non-repeatable levels by time:
     D:2: 1722 daAuts
     D:3: 1364 daAuts
     D:1: 983 daAuts
   Sewer: 264 daAuts
     D:4: 250 daAuts
